 Dungeon Crawl Stone Soup version 0.31-a0-221-gbddc013574 (webtiles) character file.

Game seed: 2642283047671129567

364 qw the Shooter (level 6, -3/56 HPs)
             Began as a Minotaur Hexslinger on July 4, 2023.
             Slain by Ijyb
             ... wielding a +0 club
              (5 damage)
             ... on level 3 of the Dungeon.
             The game lasted 00:00:51 (2170 turns).

qw the Shooter (Minotaur Hexslinger)                Turns: 2170, Time: 00:00:51

Health: -3/56      AC:  5    Str: 13    XL:     6   Next: 39%
Magic:  6/6        EV: 11    Int: 10    God:
Gold:   112        SH:  0    Dex: 14    Spells: 6/7 levels left

rFire   . . .        Y - +1 sling
rCold   . . .        (no shield)
rNeg    . . .        f - +0 ring mail
rPois   .            (helmet restricted)
rElec   .            (no cloak)
rCorr   .            (no gloves)
SInv    .            (no boots)
Will    +....        (no amulet)
Stlth   +            c - ring of willpower
HPRegen 0.29/turn    (no ring)
MPRegen 0.10/turn

%: no passive effects
@: about to teleport
A: horns 2, retaliatory headbutt
a: no special abilities


You were on level 3 of the Dungeon.
You visited 1 branch of the dungeon, and saw 3 of its levels.

You collected 112 gold pieces.


Innate Abilities, Weirdness & Mutations

You have a pair of horns on your head.
You reflexively headbutt those who attack you in melee.


   Skills:
 - Level 5.3 Fighting
 + Level 5.5 Ranged Weapons
 - Level 1.5 Armour
 - Level 2.1 Dodging
 - Level 1.0 Spellcasting
 - Level 2.0 Hexes


You had 6 spell levels left.
You knew the following spells:

 Your Spells              Type           Power      Damage    Failure   Level
a - Slow                  Hex            16%        N/A       32%         1

Your spell library contained the following spells:

 Spells                   Type           Power      Damage    Failure   Level
 Inner Flame              Hex/Fire       2%         N/A       82%         3
 Portal Projectile        Hex/Tloc       4%         N/A       82%         3
 Cause Fear               Hex            2%         N/A       97%         4

Inventory:

Hand Weapons
 Y - a +1 sling (weapon)
Armour
 f - a +0 ring mail (worn)
Jewellery
 c - a ring of willpower (left hand)
Scrolls
 h - a scroll of identify
 i - a scroll of fog {unknown}
Potions
 a - a potion of berserk rage {unknown}
 d - a potion of degeneration {unknown}
 e - a potion of resistance {unknown}
 g - a potion of brilliance {unknown}

Dungeon Overview and Level Annotations

Branches:
Dungeon (3/15)

Altars:
Gozag
Wu Jian

Annotations:
D:3 1 runed translucent door, Crazy Yiuf, Ijyb


Message History

You shoot a sling bullet.
The sling bullet hits Ijyb but does no damage.
Ijyb is moderately wounded.
Ijyb zaps a wand.
The puff of flame hits you!
You shoot a sling bullet. The sling bullet barely misses Ijyb.
Ijyb screams, "Get away!"
Ijyb hits you with a +0 club.
You shoot a sling bullet. The sling bullet closely misses Ijyb.
Ijyb hits you with a +0 club. The orc completely misses you.
You shoot a sling bullet.
The sling bullet hits Ijyb but does no damage.
Ijyb is moderately wounded.
Ijyb hits you but does no damage. The orc hits you with a +0 short sword.
You shoot a sling bullet.
The sling bullet hits Ijyb but does no damage.
Ijyb is moderately wounded.
Ijyb hits you with a +0 club. The orc hits you but does no damage.
You shoot a sling bullet. The sling bullet hits Ijyb.
Ijyb is heavily wounded.
Ijyb hits you with a +0 club. The orc barely misses you.
The orc hits you but does no damage. Ijyb hits you with a +0 club.
You shoot a sling bullet. The sling bullet closely misses Ijyb.
Ijyb zaps a wand.
The puff of flame hits you! The orc barely misses you.
You shoot a sling bullet.
The sling bullet hits Ijyb but does no damage.
Ijyb is heavily wounded.
Ijyb hits you with a +0 club. The orc hits you but does no damage.
2168 ||| READING scroll of teleportation.
As you read the scroll of teleportation, it crumbles to dust.
You feel strangely unstable.
Ijyb zaps a wand.
The puff of flame hits you! The orc hits you but does no damage.
You shoot a sling bullet. The sling bullet barely misses Ijyb.
Ijyb hits you but does no damage. The orc hits you with a +0 short sword.
You shoot a sling bullet. The sling bullet hits Ijyb.
Ijyb is severely wounded.
Ijyb barely misses you. The orc hits you with a +0 short sword.
The orc closely misses you. You furiously retaliate!
You headbutt the orc. Ijyb hits you with a +0 club.
You die...

..... #... # ## .# .... .# #) .#
# ##... .# #. .# #.#.##..# .. .
######.###....#..##)#.## #
>:...#..........og...... #
#....>#....... #@# ..# #
#..#....# #.# #.# # ...
...#....####.###)# #.#.#
.#####..:........# .#.# #
...#.............# ... ##
#..#.##..........## #.# #P
#....##...........####.###### #.
#.#####.....................#####
.<.####...........####.####......


You could see Ijyb and an orc.

Vanquished Creatures
  Grinder (D:3)
  A bullfrog (D:3)
  2 adders (D:2)
  A worm (D:3)
  4 dart slugs
  3 orcs
  6 ball pythons
  8 endoplasms
  6 giant cockroaches
  3 hobgoblins
  9 jackals
  2 kobolds (D:1)
  A quokka (D:1)
  6 bats
  3 frilled lizards
  7 goblins
  7 rats
70 creatures vanquished.

Notes
Turn   | Place    | Note
-------+----------+-------------------------------------------
     0 | D:1      | qw the Minotaur Hexslinger began the quest for the Orb.
     0 | D:1      | Reached XP level 1. HP: 16/16 MP: 1/1
     0 | D:1      | 0 ||| qw: Version: 0.3-a-41-g9d075ac
     0 | D:1      | 0 ||| qw: Game counter: 845
     0 | D:1      | 0 ||| qw: Melee chars always use a shield: true
     0 | D:1      | 0 ||| qw: God list: Okawaru
     0 | D:1      | 0 ||| qw: Allow faded altars: false
     0 | D:1      | 0 ||| qw: Do Orc after clearing Dungeon:15 true
     0 | D:1      | 0 ||| qw: Do second Lair branch before Depths: true
     0 | D:1      | 0 ||| qw: Lair rune preference: random
     0 | D:1      | 0 ||| qw: Goals: Normal
     0 | D:1      | 0 ||| PLANNING D:1-11
   113 | D:1      | Reached skill level 3 in Ranged Weapons
   113 | D:1      | Reached XP level 2. HP: 23/23 MP: 2/2
   114 | D:1      | Found a faded altar of an unknown god.
   432 | D:1      | Reached XP level 3. HP: 29/29 MP: 3/3
   791 | D:1      | 791 ||| FLEEEEING.
   792 | D:1      | 792 ||| FLEEEEING.
   793 | D:1      | 793 ||| FLEEEEING.
   972 | D:1      | 972 ||| UPGRADING to +0 ring mail.
   982 | D:1      | 982 ||| DROPPING +0 robe.
   983 | D:1      | 983 ||| READING scroll labelled KER KOOCWESHREI.
   988 | D:1      | 988 ||| READING scroll labelled XEUSUD LEGE.
   989 | D:1      | 989 ||| READING scroll labelled NIMMUR TIPYT.
   990 | D:1      | 990 ||| DROPPING scroll of poison.
  1055 | D:2      | Found an opulent altar of Gozag.
  1071 | D:2      | Reached skill level 1 in Armour
  1235 | D:2      | Reached XP level 4. HP: 31/36 MP: 4/4
  1263 | D:2      | 1263 ||| UPGRADING to ring of willpower.
  1264 | D:2      | 1264 ||| READING scroll labelled ILEYRAOCAU.
  1270 | D:2      | 1270 ||| FLEEEEING.
  1271 | D:2      | 1271 ||| FLEEEEING.
  1272 | D:2      | 1272 ||| STAIRDANCE
  1284 | D:2      | 1284 ||| STAIRDANCE
  1475 | D:2      | 1475 ||| READING scroll labelled BEH ENOENAARY.
  1476 | D:2      | 1476 ||| READING scroll labelled JAHAREU IFAHUL.
  1584 | D:2      | 1584 ||| STAIRDANCE
  1774 | D:3      | Found an ornate altar of the Wu Jian Council.
  1843 | D:3      | Found a runed translucent door.
  1844 | D:3      | Noticed Crazy Yiuf
  1885 | D:3      | Noticed a bullfrog
  1891 | D:3      | Killed a bullfrog
  1892 | D:3      | Reached XP level 5. HP: 38/41 MP: 5/5
  2050 | D:3      | Noticed Grinder
  2064 | D:3      | Killed Grinder
  2065 | D:3      | Reached XP level 6. HP: 42/56 MP: 6/6
  2156 | D:3      | Noticed Ijyb
  2167 | D:3      | HP: 13/56 [Ijyb/+0 club (3)]
  2168 | D:3      | 2168 ||| READING scroll of teleportation.
  2168 | D:3      | HP: 5/56 [Ijyb/puff of flame (8)]
  2170 | D:3      | HP: 2/56 [orc/+0 short sword (2)]
  2170 | D:3      | Slain by Ijyb

Levels and vault maps discovered:
D:1:      elethiomel_arrival_shortcut, layout_loops_corners,
          nicolae_ecumenical_snake_handling
D:2:      layout_basic, basic_altar, minivault_11, minmay_worlds_worst_comb
D:3:      layout_loops_ring, general_overflow_altar, zin_angel, uniq_grinder,
          uniq_crazy_yiuf_cottage, uniq_ijyb

Skill      XL: |  1  2  3  4  5 |
---------------+----------------+-----
Ranged Weapons | 3 4 5 |  5.5
Fighting       | 2 5 |  5.3
Armour         | 1 |  1.5
Dodging        | |  2.1
Spellcasting   | |  1.0
Hexes          | |  2.0

Action                     |  1- 3 |  4- 6 || total
---------------------------+-------+-------++-------
   Fire: Sling             |   100 |    91 ||   191
    Use: Scroll            |     3 |     4 ||     7
 Armour: Robe              |     5 |       ||     5
         Ring mail         |     3 |    17 ||    20
  Dodge: Dodged            |    23 |    35 ||    58

Table legend:
 A = Non-vault XP
 B = Vault XP
 C = Vault XP percentage of total XP
 D = Non-vault monster count
 E = Vault monster count
 F = Vault count percentage of total count
                 A         B        C        D         E       F
            +---------+---------+-------+---------+---------+-------
      Total |     229 |     291 |  56.0 |      64 |       6 |   8.6
            +---------+---------+-------+---------+---------+-------
        D:1 |      64 |       6 |   8.6 |      36 |       3 |   7.7
        D:2 |      59 |       4 |   6.3 |      18 |       2 |  10.0
        D:3 |     106 |     281 |  72.6 |      10 |       1 |   9.1
            +---------+---------+-------+---------+---------+-------
